[Event "*** Titled Tuesday Blitz"]
[Site "Chess.com"]
[Date "2020.12.29"]
[Round "7"]
[White "Witik"]
[Black "GMHess"]
[Result "0-1"]
[WhiteElo "2726"]
[BlackElo "2867"]
[TimeControl "180+1"]
[EndTime "11:18:11 PST"]
[Termination "GMHess won on time"]

1. d4 g6 2. e4 Bg7 3. Nc3 a6 4. f4 d6 5. Nf3 e6 6. Be3 Ne7 7. Bd3 b5 8. a4 b4 9. Ne2 a5 10. O-O O-O 11. Ng3 d5 12. f5 dxe4 13. Bxe4 Nd5 14. Bxd5 Qxd5 15. fxg6 hxg6 16. Qd2 Ba6 17. Rf2 Nd7 18. Bh6 Rad8 19. c3 c5 20. Re1 cxd4 21.
cxd4 Bb7 22. h3 Rc8 23. Qf4 Rc4 24. Kh2 Rc6 25. Ne4 Qf5 26. Qh4 Qh5 27. Qxh5 gxh5 28. Bxg7 Kxg7 29. Ne5 Nxe5 30. dxe5 Rc7 31. Nf6 Kg6 32.
Re3 h4 33. Rf4 Rh8 34. Re2 Rc5 35. Rg4+ Kf5 36. Rf2+ Kxe5 37. Nd7+ Kd6 38. Nxc5 Kxc5 39. Rxf7 Bc6 40. Rff4 Bxa4 41. Rxh4 Re8 42. Rc4+ Kb5 43. Rc7 Bb3 44. Rh6 Ka4 45. Ra7 Bd5 46. Rh4 Rc8 47.
Rd4 Rc2 48. h4 Rxg2+ 49. Kh3 Rxb2 50. h5 Rb1 51. Rh4 Rh1+ 52. Kg3 Rg1+ 53. Kf4 Rf1+ 54. Ke5 Rf8 55. h6 Rh8 56. Ra6 Kb5 57. Ra7 b3 58. h7 a4 59. Rg7 b2 60. Rg8 b1=Q 61. Rxh8 Qa1+ 62. Rd4 Qe1+ 63. Kd6 Qg3+ 64. Ke7 Qg7+ 65. Kd6 Qxh8 0-1

[Event "*** Titled Tuesday Blitz"]
[Site "Chess.com"]
[Date "2020.12.29"]
[Round "7"]
[White "Aygehovit1992"]
[Black "Vuk2000"]
[Result "0-1"]
[WhiteElo "2595"]
[BlackElo "2818"]
[TimeControl "180+1"]
[EndTime "11:18:11 PST"]
[Termination "Vuk2000 won on time"]

1. e4 d5 2. exd5 Qxd5 3. Nc3 Qd6 4. Nf3 Nf6 5. Bc4 Be6 6. Nb5 Qb6 7. Bxe6 Qxe6+ 8. Qe2 Qxe2+ 9. Kxe2 Na6 10. d4 c6 11.
Na3 e6 12. Nc4 Be7 13. c3 O-O-O 14. Bg5 h6 15. Bxf6 gxf6 16. Rad1 b5 17. Ne3 Nc7 18. Nd2 Nd5 19. g3 Kc7 20. Rhe1 Nb6 21. f4 Na4 22. Rb1 Rd7 23. Rec1 Rhd8 24. b3 Nb6 25. Nf3 c5 26. Rd1 cxd4 27. Nxd4 b4 28. Nb5+ Kc6 29. Rxd7 Rxd7 30.
Nd4+ Kb7 31. Rd1 bxc3 32. Ndc2 Rc7 33. Rd3 f5 34. Kd1 Bf6 35. Ne1 Nd7 36. Kc2 Nc5 37. Rd1 Na6 38. a3 Nc5 39. Nc4 Ne4 40. Nd3 Rd7 41.
Re1 Kc7 42. g4 Bd4 43. h3 Bf6 44. Re2 Ng3 45. Rg2 Ne4 46. b4 Rd4 47. Na5 fxg4 48. hxg4 Nd6 49. Nb3 Re4 50. Nbc5 Re3 51. g5 hxg5 52.
fxg5 Bg7 53. Rh2 Nb5 54. Rh7 Nxa3+ 55. Kb3 c2 56. Ka4 Bd4 57. Rxf7+ Kc6 58. b5+ Nxb5 59. Rf8 Bxc5 60. Rc8+ Nc7 0-1

[Event "*** Titled Tuesday Blitz"]
[Site "Chess.com"]
[Date "2020.12.29"]
[Round "7"]
[White "SARGISMV"]
[Black "K_A_S_T_O_R"]
[Result "0-1"]
[WhiteElo "2466"]
[BlackElo "2797"]
[TimeControl "180+1"]
[EndTime "11:18:14 PST"]
[Termination "K_A_S_T_O_R won on time"]

1. d4 Nf6 2. Nf3 e6 3. c4 c5 4. d5 d6 5. Nc3 exd5 6. cxd5 g6 7. h3 a6 8. a4 Qe7 9. Bf4 Bg7 10. e3 Nbd7 11.
Be2 O-O 12. O-O Ne8 13. Re1 Rb8 14. Qc2 Nc7 15. a5 b5 16. axb6 Rxb6 17. Bg5 Bf6 18.
Bxf6 Qxf6 19. Nd2 Qe7 20. Nc4 Rb4 21. Na5 Nb8 22. e4 Qf6 23. Ra2 Bd7 24. Qd2 Re8 25.
Bf1 Rd4 26. Qc1 Nb5 27. Re3 Rb4 28. Rf3 Qe7 29. Bxb5 axb5 30. Qf4 Rd4 31. Nb3 Rb4 32. Nd2 Rf8 33. h4 f6 34. Ra7 Rxb2 35. Rg3 Kh8 36.
Rb7 b4 37. Nb5 Qe5 38. Qxe5 dxe5 39. Nc4 Rb1+ 40. Kh2 Bxb5 41. Rxb5 Rc1 42. Rxc5 Nd7 43. Rc7 Nb6 44. Nxb6 Rxc7 45. Rb3 Rb7 46. Nc4 Ra8 47. Nd6 Rbb8 48. Nc4 Kg8 49. g4 Kf7 50. g5 Ke7 51.
gxf6+ Kxf6 52. Kg3 Ra6 53. f4 exf4+ 54. Kxf4 Ra1 55. e5+ Ke7 56. Ke4 Rc1 57. Kd4 Rd1+ 58. Kc5 Rc8+ 59. Kxb4 Rxd5 60. Nb6 Rb8 0-1

[Event "*** Titled Tuesday Blitz"]
[Site "Chess.com"]
[Date "2020.12.29"]
[Round "7"]
[White "Mambastik-Fantastic"]
[Black "Deepweb2020"]
[Result "1-0"]
[WhiteElo "2233"]
[BlackElo "2350"]
[TimeControl "180+1"]
[EndTime "11:18:16 PST"]
[Termination "Mambastik-Fantastic won by checkmate"]

1. e4 e5 2. Nf3 Nc6 3. Bb5 a6 4. Ba4 Nf6 5. d3 b5 6. Bb3 Bc5 7. O-O d6 8. Bg5 Bg4 9. c3 h6 10. Bh4 Bb6 11. h3 Bd7 12. a4 Rb8 13. axb5 axb5 14. Na3 Ne7 15. Bxf6 gxf6 16. Nh4 O-O 17. Qh5 Kg7 18. Kh2 Ng6 19. Nf5+ Bxf5 20. exf5 Nf4 21. Qf3 c6 22. g3 Nd5 23. Bxd5 cxd5 24. Qxd5 b4 25.
cxb4 Bd4 26. Nc4 Rxb4 27. Ra6 Qc8 28. Qxd6 Qxf5 29. Qxb4 Qf3 30. Qd6 Bxf2 31. Qxf6+ Qxf6 32. Rxf6 Kxf6 33. Rxf2+ Ke6 34. g4 Rd8 35. Rf3 Ra8 36. Kg3 Ra1 37. Kf2 Rh1 38. Kg2 Rb1 39. Rf2 Rd1 40. Rd2 Rb1 41. Re2 f6 42. h4 Kd5 43. Rf2 Kd4 44. Rxf6 Kxd3 45. Nxe5+ Ke4 46. Nc4 Rc1 47. b3 Rb1 48. Rf3 Rc1 49. g5 hxg5 50.
hxg5 Ra1 51. g6 Ra7 52. Rg3 Rg7 53. b4 Kd5 54. Rg4 Ke6 55. b5 Kf5 56. Kg3 Ke6 57.
b6 Kd7 58. Kh4 Ke8 59. Kh5 Kf8 60. Kh6 Kg8 61. Rd4 Re7 62. Rd8+ Re8 63. Rxe8# 1-0

[Event "*** Titled Tuesday Blitz"]
[Site "Chess.com"]
[Date "2020.12.29"]
[Round "7"]
[White "omer1997"]
[Black "Kazmin_Dmitrij"]
[Result "0-1"]
[WhiteElo "2353"]
[BlackElo "2267"]
[TimeControl "180+1"]
[EndTime "11:18:19 PST"]
[Termination "Kazmin_Dmitrij won by checkmate"]

1. e4 e5 2. Nf3 d6 3. c3 Nf6 4. d4 Nc6 5. dxe5 dxe5 6. Qxd8+ Kxd8 7. Bg5 Be6 8. Nbd2 Bd6 9. Bb5 Ke7 10. Bxc6 bxc6 11. O-O h6 12. Bh4 g5 13. Bg3 Nd7 14.
c4 f6 15. Rfc1 Rab8 16. b3 a5 17. Ne1 Bc5 18. Nd3 Bd4 19. Rab1 h5 20. h3 h4 21. Bh2 Rhg8 22. Kf1 g4 23. hxg4 Bxg4 24. f3 Be6 25. Bg1 c5 26. Bf2 h3 27. g4 Rh8 28. Kg1 h2+ 29. Kg2 Rbg8 30. Rh1 f5 31. Rxh2 Rxh2+ 32. Kxh2 fxg4 33. Rg1 Rh8+ 34. Kg2 gxf3+ 35. Nxf3 Bh3+ 36. Kg3 Nf6 37. Rh1 Nxe4+ 38. Kh2 Bxf2 39. Nxf2 Nxf2 40. Re1 Be6+ 41. Kg2 Ng4 42. Nxe5 Nxe5 43. Rxe5 Kd6 44. Rg5 Rf8 45. Rg7 Rg8 46. Rxg8 Bxg8 47. Kf3 Ke5 48. Ke3 Bh7 49. Kd2 Bb1 50. Kc1 Be4 51. Kd2 Kd4 52. a3 Bc6 53. Kc2 Ke3 54. Kc3 Bd7 55. b4 cxb4+ 56.
axb4 axb4+ 57. Kxb4 Kd4 58. Kb3 Kc5 59. Kc3 Be6 60. Kb3 Bxc4+ 61. Kc3 c6 62. Kc2 Bb5 63. Kc1 Kc4 64. Kb1 c5 65. Kc1 Kc3 66. Kb1 c4 67.
Kc1 Ba4 68. Kb1 Kb3 69. Kc1 c3 70. Kb1 c2+ 71. Kc1 Kc4 72. Kb2 Kd3 73. Kc1 Bb3 74. Kb2 Kd2 75. Kxb3 c1=Q 76. Ka2 Qc6 77. Kb3 Qb5+ 78.
Ka3 Kc3 79. Ka2 Qb2# 0-1

[Event "*** Titled Tuesday Blitz"]
[Site "Chess.com"]
[Date "2020.12.29"]
[Round "7"]
[White "CakeinSpace2002"]
[Black "davigator"]
[Result "0-1"]
[WhiteElo "2378"]
[BlackElo "2285"]
[TimeControl "180+1"]
[EndTime "11:18:21 PST"]
[Termination "davigator won by resignation"]

1. d4 Nf6 2. c4 e6 3. Nc3 Bb4 4. e3 O-O 5. Ne2 Re8 6. a3 Bf8 7. d5 e5 8. Ng3 d6 9. e4 g6 10. h4 h5 11. Bg5 Bg4 12. f3 Bc8 13. Qd2 c6 14. O-O-O Nbd7 15. Bd3 Qb6 16. Be3 Qc7 17. Kb1 a6 18. Nge2 b5 19. g4 hxg4 20. h5 gxf3 21. Ng3 Ng4 22. hxg6 Nxe3 23. gxf7+ Kxf7 24. Qxe3 Nf6 25.
Qxf3 Bg4 26. Rh7+ Bg7 27. Qf1 Bxd1 28. Nxd1 Kg8 29. Rh1 cxd5 30. cxd5 Qc5 31. Nf5 Ra7 32. Nde3 Rf8 33. Nxg7 Rxg7 34. Nf5 Rff7 35. Qh3 Kf8 36. Rc1 Rh7 37. Qg2 Qb6 38. Rc8+ Ne8 39. Qg6 b4 40.
axb4 Qxb4 41. Qxd6+ Qxd6 42. Nxd6 Re7 43. Bxa6 Rh1+ 44.
Ka2 Ra7 45. Nxe8 Rxa6+ 46. Kb3 Ke7 47. Ng7 Rb6+ 48. Ka2 Rh2 49. Nf5+ Kd7 50. Rg8 Rhxb2+ 51. Ka1 R2b4 52. Rg7+ Ke8 53. Rg8+ Kf7 54. Rg7+ Kf6 55. Ra7 Rxe4 56. Nh6 Rb3 57. Ng8+ Kg5 58. Rg7+ Kf4 59. Ka2 Rh3 60. Nf6 Re2+ 61. Kb1 Rh1+ 0-1

[Event "*** Titled Tuesday Blitz"]
[Site "Chess.com"]
[Date "2020.12.29"]
[Round "7"]
[White "tsaruk_maks"]
[Black "Vyacheslav_N"]
[Result "0-1"]
[WhiteElo "2570"]
[BlackElo "2445"]
[TimeControl "180+1"]
[EndTime "11:18:23 PST"]
[Termination "Vyacheslav_N won by resignation"]

1. e4 c5 2. Nf3 Nc6 3. d4 cxd4 4. Nxd4 Nf6 5. Nc3 e5 6. Ndb5 d6 7. Bg5 a6 8. Na3 b5 9. Nd5 Be7 10. Bxf6 Bxf6 11. c3 O-O 12. Nc2 Rb8 13. Bd3 Bg5 14. O-O Bb7 15. a4 Ne7 16. axb5 axb5 17. Nxe7+ Qxe7 18. Qe2 Bc6 19. Nb4 Bd7 20. Ra7 Qd8 21.
g3 Bh6 22. Rfa1 g6 23. R1a6 Be8 24. Nd5 Kh8 25. Qf3 f5 26. exf5 gxf5 27. Qd1 Bg7 28. Ne3 e4 29. Bf1 Be5 30. f4 exf3 31. Qxf3 Qg5 32.
Bd3 Bg6 33. Kg2 f4 34. Bxg6 Qxg6 35. Ng4 fxg3 36. Nxe5 Qc2+ 37. Kxg3 Rxf3+ 38. Nxf3 Rg8+ 39. Kf4 Rf8+ 40. Ke3 Qc1+ 41. Ke2 Qh1 42. Nd2 Qxh2+ 43. Kd3 Qh3+ 44. Kc2 Qf5+ 45. Kb3 Rf7 46. Rxf7 Qxf7+ 47. Kb4 Qf5 48. Rxd6 Qf8 49. Kc5 h5 50. Ne4 h4 51.
Kxb5 Qf5+ 52. Nc5 h3 53. Rd2 Qg4 54. b4 Qg3 55. c4 h2 56. Ne4 Qb8+ 57. Ka4 h1=Q 58.
Nc5 Qha8+ 59. Kb3 Qaa7 60. Rd3 Qxc5 61. Rh3+ Kg8 62. Rg3+ Kf8 63. Rf3+ Ke8 64. b5 Qce5 65. Rd3 Qb6 66. Kb4 Qbc5+ 67. Kb3 Qe4 68. Rd5 Qexd5 69.
cxd5 Qxb5+ 70. Kc3 Qxd5 0-1

[Event "*** Titled Tuesday Blitz"]
[Site "Chess.com"]
[Date "2020.12.29"]
[Round "7"]
[White "NovikovaGalina"]
[Black "AttilaTurzo"]
[Result "0-1"]
[WhiteElo "2253"]
[BlackElo "2492"]
[TimeControl "180+1"]
[EndTime "11:18:23 PST"]
[Termination "AttilaTurzo won by resignation"]

1. e4 c5 2. Nf3 Nc6 3. d4 cxd4 4. Nxd4 Nf6 5. Nc3 d6 6. Be2 g6 7. O-O Bg7 8. Be3 O-O 9. Qd2 Ng4 10. Bxg4 Bxg4 11.
Nxc6 bxc6 12. Bh6 Rb8 13. Bxg7 Kxg7 14. b3 a5 15. Na4 Bd7 16. c4 c5 17. Nc3 a4 18. Rfb1 axb3 19. axb3 Bc6 20. Qb2 Kg8 21. Ra7 Rb7 22. Rba1 Qb6 23. Rxb7 Qxb7 24. f3 Rb8 25. Ra3 Qb4 26. Qa1 h5 27. h3 Qb7 28. Nd5 Bxd5 29.
exd5 Qd7 30. Qe1 e6 31. Qe3 exd5 32. cxd5 Re8 33. Qd3 Qe7 34. Ra1 Qe5 35. Rd1 Qf4 36. Qc4 Qe3+ 37. Kh1 Qf2 38. Qf1 Qc2 39. Rb1 Re2 40. b4 Rf2 41. Qg1 cxb4 42. Rxb4 Kg7 43. Rb1 Rd2 44. Re1 Rxd5 45. Qe3 Re5 46. Qg1 Qc5 47. Rxe5 Qxg1+ 48. Kxg1 dxe5 49. Kf2 Kf6 50. Ke3 Ke6 51. Ke4 f5+ 52. Ke3 Kd5 53. Kd3 h4 54. Ke3 g5 55. Kd3 Kc5 56. Ke3 Kc4 57. Kf2 Kd3 58.
g3 hxg3+ 59. Kxg3 Ke3 60. Kg2 Ke2 61. Kg3 Kf1 62. h4 gxh4+ 63. Kxh4 Kf2 64. Kg5 Kxf3 65. Kxf5 e4 66. Kg5 e3 0-1

[Event "*** Titled Tuesday Blitz"]
[Site "Chess.com"]
[Date "2020.12.29"]
[Round "7"]
[White "ShahMatKanal"]
[Black "Meri-Arabidze"]
[Result "1-0"]
[WhiteElo "2456"]
[BlackElo "2619"]
[TimeControl "180+1"]
[EndTime "11:18:24 PST"]
[Termination "ShahMatKanal won by resignation"]

1. Nf3 f5 2. g4 d5 3. gxf5 Bxf5 4.
c4 e6 5. cxd5 exd5 6. Qb3 Bc8 7.
Nc3 Nf6 8. d4 Nc6 9. Bg5 Bb4 10.
e3 Be6 11. a3 Bxc3+ 12. bxc3 Rb8 13. Ne5 O-O 14. Bd3 Qd6 15. Bf4 Nh5 16. Bg3 Qe7 17. Qc2 g6 18. Rg1 Nxg3 19. Rxg3 Nxe5 20. dxe5 Rf7 21. f4 Kf8 22. a4 Bf5 23. Rb1 a5 24.
Rb5 c6 25. Rxa5 Qa3 26. Kd2 Qa1 27. Bxf5 Rxf5 28. Qc1 Qa2+ 29. Qc2 Qa1 30. Rg2 Qf1 31. Re2 Qf3 32. Qd3 Re8 33. Ra7 Re7 34. a5 c5 35. a6 bxa6 36. Rxe7 Kxe7 37. Qxa6 Qe4 38. Qa7+ Kf8 39. Qxc5+ Kg7 40. Qd4 Qb1 41. e6+ Kf8 42. Qc5+ Kg7 43. e7 Qe4 44. Qd4+ Kf7 45. Qxe4 dxe4 46.
Kc2 Kxe7 47. Rd2 Rh5 48. c4 Rh3 49. Re2 Rf3 50. Kc3 Kd6 51. Kd4 h6 52. Kxe4 Rf1 53. h3 Kc5 54. Ke5 Kxc4 55. e4 Kd3 56. Rg2 Rf3 57.
Rxg6 Rxh3 58. Rg4 Re3 59. f5 h5 60. Rh4 Re2 61. f6 Rf2 62. Ke6 Ke3 63. e5 Kf3 64. Rxh5 Kg4 65. Rh7 1-0

[Event "*** Titled Tuesday Blitz"]
[Site "Chess.com"]
[Date "2020.12.29"]
[Round "7"]
[White "PlotnikovPavel"]
[Black "chessdjw"]
[Result "1-0"]
[WhiteElo "2459"]
[BlackElo "2602"]
[TimeControl "180+1"]
[EndTime "11:18:26 PST"]
[Termination "PlotnikovPavel won on time"]

1. e4 e5 2. Nc3 Nf6 3. Nf3 Nc6 4. Be2 d5 5. exd5 Nxd5 6. O-O Nxc3 7. bxc3 e4 8. Ne1 Bd6 9. f3 Qh4 10. g3 Qe7 11. fxe4 Bh3 12. Ng2 Qxe4 13. Bf3 Qc4 14.
Re1+ Kf8 15. Re4 Qc5+ 16. d4 Qxc3 17. Bd2 Qa3 18. c3 Rd8 19. Qb3 Qxb3 20. axb3 a6 21. Nf4 Bf5 22. Re2 h6 23. Nd5 Kg8 24. g4 Bg6 25.
Bf4 Kh7 26. Bxd6 cxd6 27. Rae1 a5 28. Nb6 f6 29. Bd5 Rhe8 30. Rxe8 Rxe8 31. Rxe8 Bxe8 32. Nc4 Kg6 33. Nxd6 Bd7 34. Nxb7 Ne7 35. Bf3 a4 36. bxa4 Bxa4 37. c4 h5 38. gxh5+ Kg5 39. d5 Kf4 40. Kf2 Nf5 41. d6 Bd7 42. c5 Nd4 43. Bh1 Ke5 44. Na5 Bb5 45. Nb7 f5 46. Nd8 f4 47. Nf7+ Kf6 48.
Bd5 Be8 49. Nd8 Ke5 50. Bh1 Bb5 51. h4 Be8 52. Bg2 Bb5 53. Nf7+ Kf6 54. Ng5 Be8 55.
Ne4+ Ke5 56. Ng5 Bb5 57. Nf3+ Nxf3 58. Bxf3 Ke6 59. Ke1 Ke5 60. Kd2 Be8 61. Kc3 Bb5 62. Kb4 Be8 63. Ka5 Kd4 64. Kb6 Ke3 65. Ba8 f3 66. Bxf3 Kxf3 67. c6 Bxc6 68. Kxc6 Kg4 69. d7 Kxh5 70. d8=Q Kg6 71. Qg5+ Kh7 72. h5 g6 73.
hxg6+ Kh8 74. Qh6+ Kg8 75. Qh7+ 1-0

[Event "*** Titled Tuesday Blitz"]
[Site "Chess.com"]
[Date "2020.12.29"]
[Round "7"]
[White "Sviridov_Valery"]
[Black "Storne89"]
[Result "0-1"]
[WhiteElo "2823"]
[BlackElo "2632"]
[TimeControl "180+1"]
[EndTime "11:18:30 PST"]
[Termination "Storne89 won on time"]

1. Nf3 d5 2. g3 g6 3. Bg2 Bg7 4.
O-O e5 5. d3 Ne7 6. c4 dxc4 7.
Qa4+ Nbc6 8. Qxc4 O-O 9. Nc3 h6 10. a3 Be6 11. Qa4 a5 12. Bd2 Nd4 13. Nxd4 exd4 14.
Ne4 Bd5 15. Rac1 c6 16. Nc5 Bxg2 17. Kxg2 Ra7 18. Qc4 Nd5 19. Nb3 a4 20. Na1 Re8 21. Rfe1 h5 22. h4 Qd7 23. Nc2 Nc7 24. Nb4 Qg4 25. e4 dxe3 26. Qxg4 hxg4 27. Bxe3 Raa8 28.
Rc2 Rad8 29. Rd1 Nb5 30. Rdd2 Bd4 31. Bxd4 Nxd4 32. Rc4 f5 33. Nc2 Nf3 34. Rd1 Re2 35. Kf1 Rde8 36. Rc3 R8e6 37. d4 Rd2 38. Rxd2 Nxd2+ 39. Kg2 Nb3 40. Ne3 Rd6 41. d5 cxd5 42. Rc8+ Kf7 43.
Rc7+ Ke6 44. Rxb7 d4 45. Nc4 Rc6 46. Rb6 Rxb6 47. Nxb6 d3 48. Nxa4 d2 49. Nc3 Nd4 50. Kf1 Kd6 51. b4 Kc6 52. a4 Kb6 53. Nd5+ Kc6 54.
Ne3 Kb6 55. Kg2 Kc6 56. Nd1 Kd5 57. b5 Kc5 58. Kf1 Kb6 59. Nc3 Ka5 60. Kg2 Kb6 61.
f3 Nxf3 62. Kf2 Ka5 63. Nd1 Kb6 64. Ke3 Ka5 65. Kf4 Kxa4 66. b6 Nd4 67. b7 Nc6 68. Kg5 Kb3 69. Kxg6 f4 70. gxf4 g3 0-1

[Event "*** Titled Tuesday Blitz"]
[Site "Chess.com"]
[Date "2020.12.29"]
[Round "7"]
[White "alexg2003"]
[Black "LiderChessAcademy"]
[Result "0-1"]
[WhiteElo "2402"]
[BlackElo "2614"]
[TimeControl "180+1"]
[EndTime "11:18:30 PST"]
[Termination "LiderChessAcademy won by resignation"]

1. e4 c5 2. Nc3 Nc6 3. g3 Rb8 4. Nf3 g6 5. d4 cxd4 6. Nxd4 Bg7 7. Be3 Nf6 8. Bg2 O-O 9. O-O d6 10. Rb1 Ng4 11. Nxc6 Nxe3 12. Nxd8 Nxd1 13. Rfxd1 Rxd8 14.
Nd5 Kf8 15. c4 b5 16. cxb5 Rxb5 17. b4 e6 18. a4 Rb8 19. Ne3 Ke7 20. b5 Bb7 21.
Rbc1 Rbc8 22. Nc4 Rc5 23. Na5 Ba8 24. Nb3 Rcc8 25. f4 Bb2 26. Rb1 Ba3 27. Rd3 Rc2 28. Nd2 Bc5+ 29. Kf1 Rc8 30. a5 Ra2 31. b6 Rb8 32. e5 Bxg2+ 33. Kxg2 axb6 34. exd6+ Kd7 35.
axb6 Rxb6 36. Rxb6 Bxb6 37. Kf3 Bc5 38. Ne4 Bb4 39.
Nf6+ Kd8 40. Rb3 Ra3 41. Rxa3 Bxa3 42. d7 h5 43. g4 Be7 44. g5 Bxf6 45. gxf6 Kxd7 46.
Ke4 Kd6 47. Kd4 Kc6 48. Ke5 Kc5 49. Ke4 Kc4 50. Ke5 Kc5 51. Ke4 h4 52. h3 Kc6 53.
Ke5 Kd7 54. Ke4 Kd6 55. Kd4 Kc6 56. Kc4 Kd7 57. Kd4 Kd6 58. Ke4 e5 59. fxe5+ Ke6 60. Kf4 Kd5 61. Kg5 Kxe5 62. Kxh4 Kxf6 63. Kg4 Ke5 64. Kg5 f5 65. Kxg6 f4 66. h4 f3 67. h5 f2 68. h6 f1=Q 69. h7 Qf8 70. Kh5 Qh8 71. Kg4 Kf6 72. Kf3 Qxh7 73. Ke2 Qf5 74.
Kd2 Qf3 75. Kc2 Qe3 76. Kb2 Qd3 77. Kc1 Qe2 78. Kb1 Qd2 79. Ka1 Ke5 80. Kb1 Kd4 0-1

[Event "*** Titled Tuesday Blitz"]
[Site "Chess.com"]
[Date "2020.12.29"]
[Round "7"]
[White "Tsyhanchuk_Stanislav"]
[Black "amatatanav"]
[Result "1/2-1/2"]
[WhiteElo "2279"]
[BlackElo "2424"]
[TimeControl "180+1"]
[EndTime "11:18:31 PST"]
[Termination "Game drawn - insufficient material"]

1. d4 Nf6 2. Nf3 e6 3. c4 d5 4. g3 Be7 5. Bg2 O-O 6. O-O Nbd7 7. Nc3 dxc4 8. a4 Nd5 9. Qc2 Nb4 10. Qe4 Nf6 11. Qb1 c5 12. dxc5 Bxc5 13. Ne5 Qd4 14. Nf3 Qg4 15. Ne5 Qh5 16. Nxc4 e5 17. Be3 Ng4 18. h4 Nxe3 19. Nxe3 Bxe3 20. fxe3 Qg6 21. Qxg6 hxg6 22. Rad1 Rb8 23. Rd6 Be6 24. Rfd1 a6 25. Ne4 Bb3 26. R1d2 Bxa4 27. Nc5 Bb5 28. Bxb7 Kh7 29. Be4 f5 30. Bg2 e4 31. Ne6 Rf6 32. Nc7 Rxd6 33. Rxd6 Rc8 34. Nxb5 axb5 35. Rb6 Rc5 36. Kf2 Nc2 37. Bf1 b4 38. Rb8 Rc6 39. Bh3 Rc5 40. g4 fxg4 41. Bxg4 g5 42. hxg5 Rxg5 43. Kg3 Kg6 44. Kf4 Rc5 45. Rb6+ Kf7 46.
Bf5 g6 47. Bxe4 Rc4 48. Kf3 Ne1+ 49. Kf2 Rxe4 50. Kxe1 Kg7 51. Kd2 g5 52. Kd3 Rh4 53.
e4 g4 54. Ke3 Rh3+ 55. Kf4 Rb3 56. Kxg4 Rxb2 57. Kf3 Kf7 58. Ke3 Rb1 59. Kd3 b3 60.
Kc3 Rc1+ 61. Kb2 Rc2+ 62. Kxb3 Rxe2 63. Kc3 Rxe4 64. Rb4 Re3+ 65. Kc4 Re4+ 66. Kb5 Re5+ 67. Ka4 Re6 68. Rb5 Kf6 69. Ra5 Re5 70. Rb5 Rxb5 71. Kxb5 1/2-1/2

[Event "*** Titled Tuesday Blitz"]
[Site "Chess.com"]
[Date "2020.12.29"]
[Round "7"]
[White "Chess_Boxer123"]
[Black "ChessQueen"]
[Result "1-0"]
[WhiteElo "2578"]
[BlackElo "2734"]
[TimeControl "180+1"]
[EndTime "11:18:34 PST"]
[Termination "Chess_Boxer123 won by resignation"]

1. d4 Nf6 2. c4 e6 3. Nf3 c5 4. g3 cxd4 5. Nxd4 d5 6. Bg2 e5 7.
Nb3 d4 8. O-O Nc6 9. e3 Be7 10.
exd4 Nxd4 11. Nxd4 exd4 12. Nd2 O-O 13. Nb3 d3 14.
Be3 Be6 15. Rc1 Rc8 16. c5 Rc7 17. Nd4 Bd5 18. Qxd3 Bxg2 19. Kxg2 Rxc5 20. Qe2 Qd5+ 21.
Qf3 Qxf3+ 22. Nxf3 Rb5 23. b3 Nd5 24. Bd2 Rc5 25.
Rxc5 Bxc5 26. Rc1 b6 27. Rc4 Re8 28. b4 Bf8 29. Rd4 Nf6 30. a3 h6 31. h3 Ne4 32.
Bf4 a5 33. g4 axb4 34. axb4 Nc3 35. Bd2 Nb5 36. Rd5 Nd6 37. Ne5 Ne4 38. Be1 Nf6 39. Rb5 Bd6 40. Bc3 Bc7 41. f3 Rd8 42. Nc6 Rd3 43.
Bxf6 gxf6 44. Ne7+ Kg7 45. Nf5+ Kg6 46. Nh4+ Kg7 47.
Nf5+ Kg6 48. h4 Rd2+ 49. Kf1 Rb2 50. h5+ Kh7 51. Rd5 Bf4 52. b5 Rb1+ 53. Ke2 Rb2+ 54. Kd3 Bg5 55. Kc4 Rf2 56. Rd3 Rc2+ 57. Rc3 Rd2 58.
Rd3 Rc2+ 59. Kb3 Rc5 60. Rd7 Rxb5+ 61. Ka4 Ra5+ 62. Kb4 Kg8 63. Rd8+ Kh7 64. Rb8 Ra7 65. Rxb6 Rd7 66. Rd6 Rb7+ 67. Kc4 Rc7+ 68. Kd3 Ra7 69. Ke4 Ra4+ 70. Rd4 Ra7 71. f4 Ra1 72. fxg5 fxg5 73. Rd6 Rg1 74. Rxh6+ Kg8 75. Kf3 Rf1+ 76. Kg2 Rf4 77.
Kg3 1-0

[Event "*** Titled Tuesday Blitz"]
[Site "Chess.com"]
[Date "2020.12.29"]
[Round "7"]
[White "amintabatabaei"]
[Black "Rsnr"]
[Result "1-0"]
[WhiteElo "2916"]
[BlackElo "2798"]
[TimeControl "180+1"]
[EndTime "11:18:36 PST"]
[Termination "amintabatabaei won by resignation"]

1. d4 d5 2. Nf3 Nf6 3. Bf4 c5 4. e3 Nc6 5. c3 Qb6 6. Qc2 cxd4 7.
exd4 Bf5 8. Qb3 e6 9. Nbd2 h6 10.
h3 Be7 11. Be2 O-O 12. O-O Rfc8 13. Rfe1 Ne4 14. Nxe4 Bxe4 15. Ne5 Nxe5 16. Qxb6 axb6 17. Bxe5 Ra5 18. g4 Rca8 19. a3 Bc2 20. Bc7 Bd8 21. Bxd8 Rxd8 22. Rac1 Bb3 23. f4 Bc4 24. Bxc4 dxc4 25.
Kf2 Rb5 26. Re2 Rdd5 27. Rcc2 g6 28. Kf3 Kg7 29. Re3 Rb3 30. Re5 Rbb5 31. Rd2 Kf6 32. h4 Ke7 33. Rde2 Kf6 34. Ke4 Ke7 35. h5 gxh5 36.
gxh5 f6 37. Rxd5 Rxd5 38. Rh2 Kf7 39. Kf3 Rf5 40. Kg4 Rb5 41. Rg2 Rd5 42. Kh4 Rf5 43.
Kg4 Rb5 44. Rh2 Rf5 45. Rd2 Rb5 46. Re2 Rf5 47. Rf2 Rb5 48. a4 Ra5 49. f5 Rxa4 50. fxe6+ Kxe6 51. Re2+ Kf7 52. d5 Ra5 53. Rd2 Rc5 54. Kf5 Ke7 55. Kg6 Rc8 56. d6+ Ke6 57. d7 Rd8 58. Kxh6 Kf7 59. Kh7 f5 60. Kh6 Kf6 61.
Rd6+ Ke5 62. Rd1 Kf6 63. Kh7 f4 64. h6 b5 65. Rd4 Kf5 66. Kg7 f3 67. h7 f2 68.
h8=Q Rxh8 69. Kxh8 f1=Q 70. d8=Q Qh3+ 71. Kg8 Qg3+ 72.
Kf8 1-0

[Event "*** Titled Tuesday Blitz"]
[Site "Chess.com"]
[Date "2020.12.29"]
[Round "7"]
[White "VerdeNotte"]
[Black "vinniethepooh"]
[Result "1-0"]
[WhiteElo "2889"]
[BlackElo "2698"]
[TimeControl "180+1"]
[EndTime "11:18:40 PST"]
[Termination "VerdeNotte won on time"]

1. Nf3 d5 2. b3 Nf6 3. Bb2 g6 4. g3 Bg7 5. Bg2 O-O 6. c4 c6 7.
O-O Nbd7 8. d3 Re8 9. cxd5 cxd5 10. Nc3 e5 11. Rc1 a6 12. e4 d4 13. Ne2 b5 14. Qd2 Bb7 15. Ba3 a5 16. b4 a4 17.
Rc2 Qb6 18. Rfc1 h6 19. Bh3 Bf8 20. Rc7 Rad8 21. Nh4 Bd6 22. R7c2 Kh7 23. f4 exf4 24. Nxf4 Ne5 25. Qf2 Nfg4 26. Bxg4 Nxg4 27. Qf3 Ne5 28. Qf2 Bb8 29. h3 Qf6 30. Qe2 Qe7 31. Rf1 Rc8 32.
Rc5 Bc6 33. Kh2 Bd6 34. Rc2 Qd7 35. Qf2 Bb7 36. Rxc8 Rxc8 37. Qxd4 Qe7 38. Nd5 Bxd5 39. Qxd5 Rc2+ 40. Ng2 Kg7 41. d4 Nd3 42. e5 Bxb4 43.
Bxb4 Nxb4 44. Qe4 Rxa2 45. d5 Rd2 46. d6 Rxd6 47. Qxb4 Re6 48. Qxb5 a3 49. Re1 Qd8 50. Qb3 Qd2 51. Qxa3 Rc6 52. Qe3 Qb4 53. Re2 Qc4 54. Rd2 Qb4 55. Qd4 Qb1 56. e6+ Kh7 57. exf7 Rc1 58. Rd1 Rxd1 59. Qxd1 Qxd1 60. f8=Q Qd5 61. Qf4 Qd3 62. h4 Qe2 63. Qf7+ Kh8 64. Qxg6 h5 65. Qh6+ Kg8 66. Qg5+ Kh8 67. Qf4 Kh7 68. Qe3 Qd1 69.
Qe7+ Kg8 70. Nf4 Qc2+ 71. Qe2 Qf5 72. Qxh5 Qc2+ 73. Kh3 Qc5 74. Qxc5 1-0

[Event "*** Titled Tuesday Blitz"]
[Site "Chess.com"]
[Date "2020.12.29"]
[Round "7"]
[White "EugeneRougon"]
[Black "sorrm8thatscheckm8"]
[Result "1-0"]
[WhiteElo "2753"]
[BlackElo "2508"]
[TimeControl "180+1"]
[EndTime "11:18:41 PST"]
[Termination "EugeneRougon won by resignation"]

1. e4 e6 2. d4 d5 3. e5 c5 4. c3 Nc6 5. Nf3 Qb6 6. Bd3 cxd4 7. O-O Bd7 8. Re1 Nh6 9. Qe2 Be7 10. Nbd2 dxc3 11.
bxc3 O-O 12. Nb3 Nf5 13. Rb1 Qc7 14. Bf4 Qd8 15. Bxf5 exf5 16. Nbd4 Nxd4 17. Nxd4 Qc8 18. Qf3 Be6 19. Re3 Kh8 20. Qh5 g6 21. Qh6 Rg8 22. Rh3 Rg7 23. Bg5 Bxg5 24. Qxg5 Qd8 25. Qxd8+ Rxd8 26. Rxb7 Rd7 27. Rxd7 Bxd7 28. Re3 Rg8 29. Re1 Rc8 30.
Rc1 Kg8 31. f4 Kf8 32. Kf2 Ke7 33. Ke3 Rb8 34. Kd2 Rb2+ 35. Rc2 Rb6 36. Kc1 Ra6 37. Rb2 Ra3 38. Kd2 Ra4 39. Ke3 Rc4 40. Kd3 Rc7 41.
g3 Rc4 42. Rb7 Ra4 43. Nc6+ Ke8 44. Rb8+ Bc8 45. Rxc8+ Kd7 46. Rf8 Kxc6 47. Rxf7 Rxa2 48. Rxh7 a5 49. Rg7 Rxh2 50. Rxg6+ Kc5 51. Ra6 Rg2 52. Rxa5+ Kc6 53. Ra6+ Kc5 54. Rg6 Rf2 55. Rg5 Rf3+ 56. Ke2 Rxc3 57. Rxf5 Rxg3 58. e6 Kd6 59. Re5 Rg7 60. Kd3 Ra7 61. Re1 Ra3+ 62. Kc2 Ra2+ 63. Kb3 Ra7 64. f5 Re7 65. Kc3 Rc7+ 66. Kd3 Ke7 67.
Kd4 Kd6 68. f6 Rc4+ 69. Kd3 Rf4 70. e7 1-0